 Dungeon Crawl Stone Soup version 0.28-a0-563-gf77a47075d (webtiles) character file.

Game seed: 14342403027257729219

1187 avis the Skirmisher (level 8, -2/60 HPs)
             Began as an Octopode Transmuter on Sept 29, 2021.
             Slain by a shadow (26 damage)
             ... on level 5 of the Dungeon.
             The game lasted 00:38:29 (7415 turns).

avis the Skirmisher (Octopode Transmuter)           Turns: 7415, Time: 00:38:33

Health: -2/60      AC:  2    Str: 11    XL:     8   Next: 43%
Magic:  7/11       EV: 20    Int: 15    God:
Gold:   265        SH:  0    Dex: 18    Spells: 3/11 levels left

rFire   . . .      SeeInvis .     - Unarmed
rCold   . . .      Faith    .   (shield currently unavailable)
rNeg    . . .      Spirit   .   (helmet currently unavailable)
rPois   .          Reflect  .   y - amulet of regeneration
rElec   .          Harm     .   k - ring of poison resistance
rCorr   .          Rampage  .   (no ring)
Will    .....                   (no ring)
Stlth   ++........              (no ring)
HPRegen 1.20/turn               (no ring)
MPRegen 0.12/turn               (no ring)
                                (no ring)
                                (no ring)

@: spider-form
A: venomous fangs, almost no armour, (amphibious), 8 rings, tiny, (camouflage
1), (gelatinous body 1), (nimble swimmer 1), (tentacles)
a: End Transformation


You were on level 5 of the Dungeon.
You were a venomous arachnid creature.
You visited 2 branches of the dungeon, and saw 6 of its levels.

You collected 265 gold pieces.

Inventory:

Hand Weapons
 a - a +2 dagger of electrocution (melded)
 b - a +0 hunting sling
Missiles
 e - 208 stones
 h - 10 poisoned darts (quivered)
 l - 71 sling bullets
 u - a boomerang of dispersal
Armour
 f - a +0 hat (melded)
Jewellery
 k - a ring of poison resistance (left front leg)
 y - an amulet of regeneration (around neck)
Wands
 s - a wand of acid (12)
Scrolls
 c - 2 scrolls of immolation {unknown}
 d - 4 scrolls of teleportation
 g - a scroll of identify
 i - a scroll of enchant weapon {unknown}
 j - a scroll of silence {unknown}
 x - a scroll of fear {unknown}
Potions
 m - 2 potions of curing
 n - a potion of cancellation {unknown}
 p - a potion of flight
 q - a potion of might
 v - a potion of lignification {unknown}
 w - a potion of brilliance {unknown}
 z - 2 potions of magic {unknown}


   Skills:
 - Level 7.0 Fighting
 - Level 3.0 Dodging
 * Level 6.1 Unarmed Combat
 - Level 2.0 Spellcasting
 - Level 3.0 Transmutations
 - Level 3.0 Poison Magic


You had 3 spell levels left.
You knew the following spells:

 Your Spells              Type           Power      Damage    Failure   Level
a - Beastly Appendage     Tmut           20%        N/A       17%         1
p - Spider Form           Tmut/Pois      5%         N/A       38%         3
q - Ice Form              Ice/Tmut       6%         N/A       89%         4

Your spell library contained the following spells:

 Spells                   Type           Power      Damage    Failure   Level
 Wereblood                Tmut           10%        N/A       24%         2
 Magic Dart               Conj           4%         1d3       43%         1
 Summon Small Mammal      Summ           4%         N/A       43%         1
 Call Imp                 Summ           1%         N/A       54%         2
 Corpse Rot               Necr/Air       N/A        N/A       54%         2
 Mephitic Cloud           Conj/Pois/Air  4%         N/A       63%         3
 Call Canine Familiar     Summ           1%         N/A       75%         3
 Summon Guardian Golem    Hex/Summ       1%         N/A       75%         3
 Dispel Undead            Necr           1%         3d6       98%         4
 Death Channel            Necr           0%         N/A       100%        6


Dungeon Overview and Level Annotations

Branches:
Dungeon (5/15)             Temple (1/1) D:5

Altars:
Cheibriados
Dithmenos
Fedhas
Hepliaklqana
Kikubaaqudgha
Makhleb
Okawaru
Qazlal
Ru
Sif Muna
Trog
Uskayaw
Vehumet
Xom
Yredelemnul
The Shining One


Innate Abilities, Weirdness & Mutations

You are a venomous arachnid creature.
You have poisonous fangs.
You are tiny and dextrous.
Your spellcasting is less reliable in this form.
Your armour is entirely melded.
You are incapable of wielding weapons or throwing items.
You cannot wear most types of armour.
((You are amphibious.))
You can wear up to eight rings at the same time.
((Your skin changes colour to match your surroundings (Stealth+).))
((Your rubbery body absorbs attacks. (AC +1, EV +1)))
((You are camouflaged near water. (Stealth+)))
((You have tentacles for arms and can constrict up to eight enemies at once.))


Message History

The shadow is severely damaged.
The shadow closely misses you.
You hit the shadow but do no damage.
The shadow is severely damaged.
The shadow slips into darkness.
The shadow flickers and vanishes!
Deactivating autopickup; reactivate with Ctrl-A.
You hit something. You squeeze something.
The shadow strikes at you from the darkness!
Reactivating autopickup.
You hit the shadow but do no damage.
The shadow is severely damaged.
The shadow hits you.
You hit the shadow but do no damage.
You pierce the shadow, but do no damage.
The shadow is severely damaged.
The shadow closely misses you.
You hit the shadow but do no damage.
Your tentacle spike misses the shadow.
The shadow is severely damaged.
The shadow slips into darkness.
The shadow flickers and vanishes!
Deactivating autopickup; reactivate with Ctrl-A.
You barely miss something.
The shadow strikes at you from the darkness!
* * * LOW HITPOINT WARNING * * *
Reactivating autopickup.
You feel better.
Your tentacle spike disappears.
Your +0 hat unmelds from your body.
The shadow slips into darkness.
The shadow flickers and vanishes!
Deactivating autopickup; reactivate with Ctrl-A.
Casting: Beastly Appendage (safe; 6% risk of failure)
Confirm with . or Enter, or press ? or * to list all spells.
You turn into a venomous arachnid creature.
Your +2 dagger of electrocution melds into your body.
Your +0 hat melds into your body.
Your +2 dagger of electrocution stops crackling.
The shadow strikes at you from the darkness!
You die...

# #..###.##.......## ##
##.#...##.#.........###.
#.........'.........'...
#.........#.........###.
#.###.#.####.......## #.
#.#.# ##.....## #. ..#.#
##...## #. #>##.## ##+##
#. #. #s.## #.# ##
#..{....####.#
#......#.#..##..##
####..# .##....).## #..
##..#.#...# #..
#..##.##.#### #..
###..###.....####
#..##†##..#...##.....
#..#.#..###..#######


There were no monsters in sight!

Vanquished Creatures
  Sigmund (D:5)
  Eustachio (D:4)
  An ice beast (D:3)
  A black bear (D:3)
  A sky beast (D:5)
  2 ogres
  A hound (D:4)
  An orc priest (D:3)
  2 jellies (D:4)
  An iguana (D:5)
  5 orc wizards
  7 adders
  A worm (D:3)
  A dart slug (D:3)
  10 orcs
  8 bats
  7 endoplasms
  4 giant cockroaches
  13 goblins
  10 hobgoblins
  6 jackals
  12 kobolds
  4 quokkas
  7 ball pythons
  4 frilled lizards
  A quokka skeleton (D:4)
  5 rats
117 creatures vanquished.

Notes
Turn   | Place    | Note
-------+----------+-------------------------------------------
     0 | D:1      | avis the Octopode Transmuter began the quest for the Orb.
     0 | D:1      | Reached XP level 1. HP: 13/13 MP: 3/3
   186 | D:1      | Reached XP level 2. HP: 10/18 MP: 3/5
   493 | D:1      | Reached skill level 1 in Poison Magic
   693 | D:1      | Reached XP level 3. HP: 23/23 MP: 6/6
   697 | D:1      | Learned a level 3 spell: Spider Form
   979 | D:1      | Found a faded altar of an unknown god.
  2047 | D:2      | Reached XP level 4. HP: 29/29 MP: 3/7
  2086 | D:2      | Reached skill level 2 in Fighting
  2479 | D:2      | You fall into a shaft and drop 1 floor!
  2946 | D:3      | Reached skill level 3 in Fighting
  2946 | D:3      | Reached XP level 5. HP: 32/36 MP: 4/8
  3546 | D:3      | Noticed an ice beast
  3742 | D:3      | Killed an ice beast
  3743 | D:3      | Reached skill level 4 in Fighting
  3743 | D:3      | Reached XP level 6. HP: 27/43 MP: 6/9
  4416 | D:3      | Noticed a black bear
  4430 | D:3      | Killed a black bear
  4431 | D:3      | Reached skill level 5 in Fighting
  4436 | D:3      | Learned a level 4 spell: Ice Form
  4542 | D:3      | Reached XP level 7. HP: 44/50 MP: 7/10
  4847 | D:3      | Upgraded the game from 0.28-a0-556-gab23d0e057 to
                  | 0.28-a0-563-gf77a47075d
  5005 | D:4      | Reached skill level 5 in Unarmed Combat
  5516 | D:4      | Noticed Eustachio
  5856 | D:4      | Killed Eustachio
  5857 | D:4      | Reached skill level 6 in Fighting
  6366 | D:5      | Entered Level 5 of the Dungeon
  6618 | D:5      | Reached XP level 8. HP: 47/57 MP: 9/11
  6662 | D:5      | Found a staircase to the Ecumenical Temple.
  6671 | Temple   | Entered the Ecumenical Temple
  7148 | D:5      | Noticed Sigmund
  7156 | D:5      | Killed Sigmund
  7157 | D:5      | Reached skill level 7 in Fighting
  7384 | D:5      | Noticed a shadow
  7415 | D:5      | Slain by a shadow

Illustrated notes

Levels and vault maps discovered:
D:1:      nicolae_arrival_memento_mori, layout_loops_ring,
          ebering_ecumenical_altar_abandoned, minmay_crystal_room,
          minmay_heptomino_o4
D:2:      layout_basic, st_stairs_1
D:3:      layout_basic, kennysheep_cross_bottleneck, minmay_pentangle
D:4:      layout_cave_pods, minivault_26, minmay_misc_feat_tower,
          kennysheep_small_spiral, uniq_eustachio
D:5:      layout_loops_corners, temple_hall, minmay_between, uniq_sigmund
Temple:   nicolae_temple_x_marks_the_god

Skill      XL: |  1  2  3  4  5  6  7  8 |
---------------+-------------------------+-----
Transmutations | 3 |  3.0
Poison Magic   | 1 3 |  3.0
Fighting       | 3 4 5 6 7 |  7.0
Unarmed Combat | 4 5 6 |  6.1
Dodging        | 3 |  3.0
Spellcasting   | |  2.0

Action                   |  1- 3 |  4- 6 |  7- 9 || total
-------------------------+-------+-------+-------++-------
Melee: Unarmed           |    68 |    89 |   118 ||   275
       Kick              |    13 |     2 |     3 ||    18
       Tentacles         |     7 |     2 |     2 ||    11
       Constrict         |    10 |     3 |     3 ||    16
       Punch             |     2 |       |       ||     2
       Dagger            |       |       |    18 ||    18
 Fire: Hunting sling     |       |    19 |       ||    19
Throw: Dart              |       |     5 |       ||     5
 Cast: Beastly Appendage |    16 |     3 |     4 ||    23
       Spider Form       |    11 |    25 |    31 ||    67
  Use: Scroll            |       |     3 |     4 ||     7
       Potion            |       |       |     1 ||     1
 Stab: Sleeping          |     5 |     1 |     3 ||     9
Armor: Skin              |     3 |     8 |    11 ||    22
Dodge: Dodged            |    37 |    82 |   101 ||   220

Table legend: (Time is in decaauts)
 A = Elapsed time spent in this place.
 B = Non-inter-level travel time spent in this place.
 C = Inter-level travel time spent in this place.
 D = Time resting spent in this place.
 E = Time spent auto-exploring this place.
 F = Levels seen in this place.
 G = Mean time per level.
                   A        B        C        D        E       F      G
               +--------+--------+--------+--------+--------+-----+--------+
         Total |   7412 |   6966 |    446 |   2296 |   2657 |   6 | 1235.3 |
       Dungeon |   7349 |   6910 |    439 |   2296 |   2615 |   5 | 1469.8 |
        Temple |     62 |     55 |      7 |      0 |     42 |   1 |   62.0 |
               +--------+--------+--------+--------+--------+-----+--------+

Top non-repeatable levels by time:
     D:2: 1886 daAuts
     D:1: 1804 daAuts
     D:3: 1424 daAuts
     D:4: 1361 daAuts
     D:5: 873 daAuts
  Temple: 62 daAuts
